 Dungeon Crawl Stone Soup version 0.30.1-9-gdf580d7c3d (webtiles) character file.

Game seed: 14717653183632228717

2298 gummiwulf the Trooper (level 9, -8/106 HPs)
             Began as a Demonspawn Berserker on Sept 28, 2023.
             Was a Priest of Trog.
             Mangled by a skeletal warrior
             ... wielding a +0 dire flail
              (11 damage)
             ... on level 7 of the Dungeon.
             The game lasted 00:26:40 (6961 turns).

gummiwulf the Trooper (Demonspawn Berserker)        Turns: 6961, Time: 00:26:40

Health: -8/106     AC: 18    Str: 21    XL:     9   Next: 17%
Magic:  9/9        EV:  8    Int: 10    God:    Trog [***...]
Gold:   269        SH:  0    Dex: 12    Spells: 8/8 levels left

rFire   . . .        n - +2 battleaxe (freeze)
rCold   . . .        (shield currently unavailable)
rNeg    . . .        i - +0 plate armour
rPois   .            g - +0 helmet
rElec   .            (no cloak)
rCorr   .            h - +1 pair of gloves
SInv    .            (no boots)
Will    .....        (no amulet) Stlth
                     (no ring)
HPRegen 0.37/turn    (no ring)
MPRegen 0.22/turn

%: no passive effects
@: berserking, slowed
A: molten scales 1, powered by death 1, magic regeneration, demonic touch 1
a: Renounce Religion, Berserk, Trog's Hand


You were on level 7 of the Dungeon.
You worshipped Trog.
Trog was most pleased with you.
You visited 1 branch of the dungeon, and saw 7 of its levels.

You collected 269 gold pieces.

Inventory:

Hand Weapons
 j - a +4 flail
 n - a +2 battleaxe of freezing (weapon)
 o - a +2 war axe
Missiles
 a - 6 boomerangs (quivered)
 m - 5 curare-tipped darts
Armour
 e - a +0 kite shield
 g - a +0 helmet (worn)
 h - a +1 pair of gloves (worn)
 i - a +0 plate armour (worn)
Wands
 f - a wand of flame (9)
 p - a wand of mindburst (8)
 r - a wand of digging (2)
Scrolls
 b - 2 scrolls of magic mapping
 q - a scroll of fog
 s - 2 scrolls of teleportation
Potions
 c - 5 potions of curing
 d - 2 potions of flight
 k - a potion of haste
 u - a potion of resistance


   Skills:
 + Level 6.6 Fighting
 + Level 6.1(6.3) Axes
 - Level 2.1(4.4) Maces & Flails
 + Level 5.7 Armour
 + Level 5.6 Dodging


You had 8 spell levels left.
You didn't know any spells.
Your spell library was empty.

Dungeon Overview and Level Annotations

Branches:
Dungeon (7/15)             Temple (0/1) D:6

Altars:
Cheibriados
Dithmenos
Fedhas
Kikubaaqudgha
Makhleb
Okawaru
Qazlal
Trog
Uskayaw


Innate Abilities, Weirdness & Mutations

You are partially covered in molten scales. (AC +2)
You regenerate a little health from kills.
You regenerate magic rapidly.
Your touch may inflict minor irresistible damage on your foes.


Message History

Your Axes skill increases to level 6!
You feel yourself speed up.
A wraith comes into view.
The wraith hits you but does no damage.
You closely miss the wraith. The wraith hits you.
The wraith drains your vigour!
You feel yourself slow down. The wraith hits you but does no damage.
You slash the wraith! You freeze the wraith.
The wraith is heavily damaged.
The wraith hits you but does no damage. x2
You barely miss the wraith.
The wraith is heavily damaged.
The wraith hits you but does no damage.
A skeletal warrior comes into view. It is wielding a +0 dire flail.
The wraith hits you. The wraith drains your vigour!
You feel as though you will be slow longer.
You slash the wraith! You freeze the wraith.
You destroy the wraith!
Trog accepts your kill.
A wraith comes into view.
The skeletal warrior hits you with a +0 dire flail!!
You slash the skeletal warrior! You freeze the skeletal warrior.
The skeletal warrior is lightly damaged.
The skeletal warrior hits you with a +0 dire flail!
The skeletal warrior hits you with a +0 dire flail!!
* * * LOW HITPOINT WARNING * * *
A red film seems to cover your vision as you go berserk!
You feel yourself moving faster!
You feel mighty!
The skeletal warrior hits you with a +0 dire flail.
* * * LOW HITPOINT WARNING * * *
The skeletal warrior hits you with a +0 dire flail.
* * * LOW HITPOINT WARNING * * *
You slice the skeletal warrior!! You freeze the skeletal warrior.
The skeletal warrior is heavily damaged.
The skeletal warrior hits you with a +0 dire flail!
* * * LOW HITPOINT WARNING * * *
You closely miss the skeletal warrior.
The skeletal warrior is heavily damaged.
The skeletal warrior hits you with a +0 dire flail!
You die...

### ## ## #W#.#
## .## #.#z# .#.
..## #@# #.# #
#..##
##.#####.## .#
###.##
...#.#..#.[#.# .
##.##
...#..#..##..#.#
##.##
#..######.###.#
# #..##
#.............#
.# ##..#
##......##..###
#.# #..##
##...## ##..##
#.# ##..# #...##
##..##


You could see a skeletal warrior and a wraith.

Vanquished Creatures
  Prince Ribbit (D:5)
  2 wraiths (D:7)
  Edmund (D:5)
  2 ice beasts
  An ogre (D:4)
  Blork the orc (D:5)
  A kobold brigand (D:6)
  2 scorpions (D:4)
  5 wights (D:6)
  A howler monkey (D:5)
  2 jellies (D:6)
  5 orc priests
  3 hounds
  Jessica (D:2)
  2 iguanas
  Natasha (thrice) (D:2)
  7 orc wizards
  Robin (D:4)
  4 gnolls (D:7)
  5 adders
  An ufetubus (D:5)
  2 worms (D:2)
  3 dart slugs
  21 orcs
  3 ball pythons
  8 endoplasms
  5 giant cockroaches
  15 goblins
  8 hobgoblins
  6 quokkas
  8 bats
  5 frilled lizards
  10 kobolds
  4 rats
149 creatures vanquished.

Vanquished Creatures (others)
  An orc wizard (D:4)
1 creature vanquished.

Grand Total: 150 creatures vanquished

Notes
Turn   | Place    | Note
-------+----------+-------------------------------------------
     0 | D:1      | gummiwulf the Demonspawn Berserker began the quest for the
                  | Orb.
     0 | D:1      | Reached XP level 1. HP: 18/18 MP: 1/1
   186 | D:1      | Gained mutation: Your touch may inflict minor irresistible
                  | damage on your foes. [demonic ancestry]
   186 | D:1      | Reached XP level 2. HP: 21/24 MP: 2/2
   738 | D:2      | Noticed Natasha
   747 | D:2      | HP: 1/36 [cerulean imp/+0 spear[Natasha] (2)]
   750 | D:2      | Killed Natasha
   751 | D:2      | Gained mutation: You are partially covered in molten
                  | scales. (AC +2) [demonic ancestry]
   751 | D:2      | Reached XP level 3. HP: 2/29 MP: 3/3
   894 | D:2      | Noticed Natasha
   905 | D:2      | Killed Natasha
   906 | D:2      | Reached XP level 4. HP: 10/35 MP: 4/4
  1075 | D:2      | Found a stormy altar of Qazlal.
  1172 | D:2      | Noticed Jessica
  1178 | D:2      | Killed Jessica
  1439 | D:2      | Reached ** piety under Trog
  1460 | D:2      | Noticed Natasha
  1478 | D:2      | Killed Natasha
  1479 | D:2      | Reached XP level 5. HP: 21/42 MP: 5/5
  2528 | D:3      | Found a burning altar of Makhleb.
  2529 | D:3      | Noticed a blizzard demon
  2951 | D:4      | Found a shadowy altar of Dithmenos.
  2956 | D:4      | Reached XP level 6. HP: 48/48 MP: 6/6
  3567 | D:4      | Gained mutation: You regenerate magic rapidly. [demonic
                  | ancestry]
  3567 | D:4      | Reached XP level 7. HP: 22/55 MP: 7/7
  3817 | D:4      | Reached *** piety under Trog
  3851 | D:4      | Noticed Robin
  3902 | D:4      | Killed Robin
  4091 | D:4      | Reached skill level 5 in Fighting
  4289 | D:5      | Entered Level 5 of the Dungeon
  4335 | D:5      | Noticed Edmund
  4349 | D:5      | Killed Edmund
  4559 | D:5      | Reached skill level 5 in Axes
  4638 | D:5      | Reached XP level 8. HP: 63/63 MP: 8/8
  4684 | D:5      | Noticed Blork the orc
  4694 | D:5      | Killed Blork the orc
  4695 | D:5      | Reached skill level 1 in Maces & Flails
  4915 | D:5      | Found a bloodstained altar of Trog.
  4919 | D:5      | Noticed Prince Ribbit
  4932 | D:5      | Killed Prince Ribbit
  5090 | D:6      | Found a hide-covered altar of Uskayaw.
  5417 | D:6      | Reached skill level 5 in Armour
  5423 | D:6      | Reached skill level 5 in Dodging
  5433 | D:6      | Reached **** piety under Trog
  5831 | D:6      | Found an iron altar of Okawaru.
  5832 | D:6      | Found a snail-covered altar of Cheibriados.
  5833 | D:6      | Found an ancient bone altar of Kikubaaqudgha.
  5886 | D:6      | Found a staircase to the Ecumenical Temple.
  5991 | D:6      | Identified the +6 quarterstaff "Soikkit" {elec, rF+ rN+}
  6424 | D:6      | Found a blossoming altar of Fedhas.
  6425 | D:6      | Found a stormy altar of Qazlal.
  6695 | D:7      | Gained mutation: You regenerate a little health from kills.
                  | [demonic ancestry]
  6695 | D:7      | Reached XP level 9. HP: 70/70 MP: 9/9
  6956 | D:7      | Noticed a skeletal warrior
  6960 | D:7      | HP: 3/106 [skeletal warrior/+0 dire flail (10)]
  6961 | D:7      | Mangled by a skeletal warrior

Illustrated notes

Levels and vault maps discovered:
D:1:      minmay_arrival_radiant_lines, layout_basic
D:2:      layout_basic, basic_altar, uniq_jessica, uniq_natasha
D:3:      layout_rooms, makhleb_altar_promises_db, serial_curves,
          eino_curves_01, eino_curves_01, eino_curves_02, eino_curves_03
D:4:      layout_basic, nicolae_dithmenos_through_a_glass_darkly, serial_bayou,
          serial_bayou_pond_c, serial_bayou_lagoon_b, serial_bayou_lake_a,
          serial_bayou_pond_c, minmay_fractal_squares_gapless_5, uniq_robin
D:5:      nicolae_cairo_tiling, layout_gridville, kennysheep_mini_moat,
          uniq_blork_the_orc, uniq_edmund, uniq_prince_ribbit1
D:6:      wander_river, layout_cave_pools,
          grunt_temple_overflow_forces_of_nature, mainiacjoe_overflow_alcove_1,
          nicolae_overflow_quartered_altars, minmay_temple_entry_mist
D:7:      layout_layer_cave, st_stairs_11, minmay_guarded_unrand_finisher,
          uniq_maggie, uniq_joseph

Skill      XL: |  1  2  3  4  5  6  7  8  9 |
---------------+----------------------------+-----
Armour         | 2 3 4 5 |  5.7
Dodging        | 2 3 4 5 |  5.6
Axes           | 3 4 5 6 |  6.1
Fighting       | 4 5 6 |  6.6
Maces & Flails | 2 |  2.1

Action                     |  1- 3 |  4- 6 |  7- 9 || total
---------------------------+-------+-------+-------++-------
  Melee: Hand axe          |    73 |   174 |   112 ||   359
         Touch             |     5 |    26 |       ||    31
         Punch             |     2 |     1 |       ||     3
         Flail             |       |       |    50 ||    50
         War axe           |       |       |    54 ||    54
         Battleaxe         |       |       |    23 ||    23
  Throw: Boomerang         |       |       |     5 ||     5
 Invoke: Berserk           |     1 |     4 |     6 ||    11
         Trog's Hand       |       |     1 |     1 ||     2
    Use: Scroll            |     1 |     4 |    13 ||    18
         Potion            |       |       |     1 ||     1
   Stab: Sleeping          |     2 |       |       ||     2
 Armour: Animal skin       |    19 |    43 |       ||    62
         Ring mail         |       |    28 |    38 ||    66
         Plate armour      |       |       |   142 ||   142
  Dodge: Dodged            |    67 |   102 |    95 ||   264
  Block: Kite shield       |       |     8 |    82 ||    90
